 Dungeon Crawl Stone Soup version 0.28.0-1-gb440e238dd (webtiles) character file.

Game seed: 2827229082576295636

2131564 DiogoH the Slayer (level 27, 213/213 HPs)
             Began as an Octopode Transmuter on Feb 21, 2022.
             Was an Initiate of Gozag.
             Escaped with the Orb
             ... and 4 runes on Feb 27, 2022!
             The game lasted 12:15:08 (79933 turns).

DiogoH the Slayer (Octopode Transmuter)            Turns: 79933, Time: 12:15:08

Health: 213/213    AC:  3    Str: 10    XL:     27
Magic:  29/29      EV: 31    Int: 35    God:    Gozag
Gold:   5216       SH: 22    Dex: 19    Spells: 0/34 levels left

rFire   + + +      SeeInvis +     - Unarmed
rCold   + + +      Faith    .   e - +0 tower shield of the Wasteland {rPois Will++ Dex+3}
rNeg    + + .      Spirit   .   p - +2 hat
rPois   +          Reflect  .   S - amulet of Morality {Acrobat rElec Regen+ Dex+2}
rElec   +          Harm     .   P - ring "Pazapount" {rC++ Int+6 SInv Stlth+}
rCorr   +          Rampage  .   o - ring of protection from fire
Will    +++++                   B - ring of Neas {rElec rPois rC- rN+ rCorr}
Stlth   ++........              K - ring of Xitze {rC+ rN+}
HPRegen 1.25/turn               j - +4 ring of evasion
MPRegen 0.21/turn               u - ring of protection from fire
                                M - ring "Lemeudul" {Will+ Str+2 Int+6}
                                W - ring of wizardry

@: mighty, brilliant, resistant, hasted, studying Crossbows, invisible, bribing
[the Dungeon, the Realm of Zot, the Depths], very quick
A: almost no armour, amphibious, 8 rings, camouflage 1, gelatinous body 1,
(nimble swimmer 1), tentacles, deterioration 1, dopey 1, weak 2, wild magic 1
0: Orb of Zot
}: 4/15 runes: barnacled, slimy, silver, gossamer
a: Renounce Religion, Potion Petition, Call Merchant, Bribe Branch


You escaped.
You worshipped Gozag.
Gozag was greatly pleased with you.
You visited 12 branches of the dungeon, and saw 57 of its levels.
You visited the Abyss 1 time.
You visited 1 bazaar.
You also visited: Trove, Bailey, Gauntlet, Ice Cave and Wizlab.

You collected 31840 gold pieces.
You spent 7079 gold pieces at shops.
You paid 19545 gold pieces to Gozag.

Inventory:

Missiles
 l - 15 silver javelins (quivered)
 F - 4 curare-tipped darts
 Q - 9 throwing nets
Armour
 e - the +0 tower shield of the Wasteland (worn) {rPois Will++ Dex+3}
   (You found it in a treasure trove)

   Dex:       It affects your dexterity (+3).
   rPois:     It protects you from poison.
   Will:      It greatly increases your willpower.
 p - a +2 hat (worn)
Jewellery
 j - a +4 ring of evasion (on tentacle)
 m - a ring of protection from cold
 o - a ring of protection from fire (right tentacle)
 u - a ring of protection from fire (on tentacle)
 B - the ring of Neas (on tentacle) {rElec rPois rC- rN+ rCorr}
   (You took it off a minotaur in a Gauntlet)

   [ring of positive energy]

   rC:        It makes you vulnerable to cold.
   rElec:     It insulates you from electricity.
   rPois:     It protects you from poison.
   rN:        It protects you from negative energy.
   rCorr:     It protects you from acid and corrosion.
 K - the ring of Xitze (on tentacle) {rC+ rN+}
   (You found it on level 1 of the Depths)

   [ring of protection from cold]

   rC:        It protects you from cold.
   rN:        It protects you from negative energy.
 M - the ring "Lemeudul" (on tentacle) {Will+ Str+2 Int+6}
   (You acquired it on level 2 of the Shoals)

   [ring of intelligence]

   Str:       It affects your strength (+2).
   Int:       It affects your intelligence (+6).
   Will:      It increases your willpower.
 P - the ring "Pazapount" (left tentacle) {rC++ Int+6 SInv Stlth+}
   (You bought it in a shop on level 11 of the Dungeon)

   [ring of intelligence]

   Int:       It affects your intelligence (+6).
   rC:        It greatly protects you from cold.
   SInv:      It lets you see invisible.
   Stlth:     It makes you more stealthy.
 S - the amulet of Morality (around mantle) {Acrobat rElec Regen+ Dex+2}
   (You found it in a Gauntlet)

   [amulet of the acrobat]

   It increases your evasion while moving and waiting.
   Dex:       It affects your dexterity (+2).
   rElec:     It insulates you from electricity.
   Regen:     It increases your rate of health regeneration.
 W - a ring of wizardry (on tentacle)
Wands
 d - a wand of acid (41)
 f - a wand of flame (104)
 q - a wand of charming (21)
 r - a wand of polymorph (26)
 t - a wand of iceblast (36)
 z - a wand of paralysis (9)
 G - a wand of digging (16)
 X - a wand of mindburst (20)
Scrolls
 a - 6 scrolls of fog
 s - 4 scrolls of holy word
 w - 8 scrolls of blinking
 y - 14 scrolls of vulnerability
 D - a scroll of immolation
 E - 2 scrolls of magic mapping
 H - 4 scrolls of silence
 I - 15 scrolls of fear
 O - 16 scrolls of teleportation
Potions
 b - 19 potions of ambrosia
 c - a potion of invisibility
 g - 11 potions of magic
 h - 3 potions of attraction
 i - 4 potions of might
 k - 5 potions of resistance
 n - 31 potions of curing
 x - 16 potions of heal wounds
 L - 6 potions of brilliance
 N - 7 potions of cancellation
 U - 8 potions of mutation
 V - 4 potions of haste
Miscellaneous
 v - a box of beasts
 C - a phantom mirror
 J - a tin of tremorstones (2/2)
 R - a condenser vane
 T - a lightning rod (4/4)
 Y - a phial of floods


   Skills:
 + Level 23.8 Fighting
 + Level 22.4 Dodging
 - Level 6.0 Stealth
 * Level 18.1 Shields
 + Level 22.5 Unarmed Combat
 - Level 4.0 Spellcasting
 - Level 16.0 Transmutations
 - Level 6.0 Ice Magic
 - Level 12.0 Earth Magic
 - Level 4.0 Poison Magic
 - Level 17.0 Evocations


You couldn't memorise any spells.
You knew the following spells:

 Your Spells              Type           Power      Damage    Failure   Level
a - Yara's Violent Unrav  Hex/Tmut       44%        3d17      7%          5
b - Spider Form           Tmut/Pois      100%       N/A       1%          3
c - Ice Form              Ice/Tmut       100%       N/A       1%          4
d - Dragon Form           Tmut           62%        N/A       9%          7
e - Wereblood             Tmut           100%       N/A       1%          2
f - Statue Form           Tmut/Erth      78%        N/A       4%          6
g - Lee's Rapid Deconstr  Erth           54%        3d26*     1%          5
h - Passwall              Tmut/Erth      97%        N/A       1%          2

Your spell library contained the following spells:

 Spells                   Type           Power      Damage    Failure   Level
 Beastly Appendage        Tmut           100%       N/A       1%          1
 Sting                    Tmut/Pois      100%       1d8       1%          1
 Ignite Poison            Fire/Tmut/Pois 81%        N/A       1%          3
 Petrify                  Tmut/Erth      100%       N/A       1%          4
 Blade Hands              Tmut           62%        N/A       1%          5
 Ozocubu's Armour         Ice            77%        N/A       2%          3
 Stone Arrow              Conj/Erth      100%       3d13      2%          3
 Ensorcelled Hibernation  Hex/Ice        100%       N/A       3%          2
 Alistair's Intoxication  Tmut/Pois      66%        N/A       3%          5
 Poisonous Vapours        Pois/Air       82%        N/A       4%          2
 Leda's Liquefaction      Hex/Erth       38%        N/A       6%          4
 Animate Skeleton         Necr           26%        N/A       7%          1
 Magic Dart               Conj           52%        1d5       7%          1
 Pain                     Necr           52%        1d6       7%          1
 Shock                    Conj/Air       52%        1d6       7%          1
 Slow                     Hex            52%        N/A       7%          1
 Irradiate                Conj/Tmut      44%        3d28      7%          5
 Call Imp                 Summ           13%        N/A       11%         2
 Corpse Rot               Necr/Air       26%        N/A       11%         2
 Scorch                   Fire           26%        2d6       11%         2
 Sublimation of Blood     Necr           13%        N/A       11%         2
 Mephitic Cloud           Conj/Pois/Air  31%        N/A       12%         3
 Olgreb's Toxic Radiance  Pois           62%        N/A       12%         4
 Eringya's Noxious Bog    Tmut/Pois      50%        N/A       16%         6
 Confusing Touch          Hex            13%        N/A       19%         3
 Dazzling Flash           Conj/Hex       26%        N/A       19%         3
 Gell's Gravitas          Tloc           13%        N/A       19%         3
 Inner Flame              Hex/Fire       13%        N/A       19%         3
 Swiftness                Air            13%        N/A       19%         3
 Teleport Other           Tloc           13%        N/A       19%         3
 Vampiric Draining        Necr           13%        2d6       19%         3
 Hailstorm                Conj/Ice       53%        3d12      19%         4
 Summon Ice Beast         Ice/Summ       53%        N/A       19%         4
 Metabolic Englaciation   Hex/Ice        26%        N/A       41%         5
 Airstrike                Air            6%         N/A       47%         4
 Anguish                  Hex/Necr       6%         N/A       47%         4
 Cause Fear               Hex            6%         N/A       47%         4
 Iskenderun's Mystic Bla  Conj/Tloc      13%        2d5       47%         4
 Passage of Golubria      Tloc           13%        N/A       47%         4
 Freezing Cloud           Conj/Ice/Air   20%        6-21      54%         5
 Iron Shot                Conj/Erth      38%        9d8       56%         6
 Agony                    Necr           13%        N/A       80%         5
 Excruciating Wounds      Necr           6%         N/A       80%         5
 Fireball                 Conj/Fire      6%         3d5       80%         5
 Iskenderun's Battlesphe  Conj           13%        2d7       80%         5
 Manifold Assault         Tloc           13%        N/A       80%         5
 Silence                  Hex/Air        6%         N/A       80%         5
 Storm Form               Tmut/Air       44%        N/A       85%         7
 Simulacrum               Ice/Necr       26%        N/A       91%         6
 Ozocubu's Refrigeration  Ice            38%        4d12      98%         7
 Conjure Ball Lightning   Conj/Air       6%         3x3d6     100%        6
 Dispersal                Tloc           6%         N/A       100%        6
 Starburst                Conj/Fire      6%         6d4       100%        6
 Enfeeble                 Hex            6%         N/A       100%        7
 Malign Gateway           Summ/Tloc      6%         N/A       100%        7
 Orb of Destruction       Conj           6%         9d6       100%        7
 Spellforged Servitor     Conj/Summ      6%         N/A       100%        7
 Borgnjor's Revivificati  Necr           6%         N/A       100%        8
 Disjunction              Tloc           6%         N/A       100%        8
 Ignition                 Fire           6%         3d4       100%        8
 Lehudib's Crystal Spear  Conj/Erth      38%        10d10     100%        8
 Necromutation            Tmut/Necr      44%        N/A       100%        8
 Death's Door             Necr           6%         N/A       100%        9
 Dragon's Call            Summ           6%         N/A       100%        9
 Animate Armour           Summ/Erth      Unusable   N/A       N/A         4

Dungeon Overview and Level Annotations

Branches:
Dungeon (15/15)            Temple (1/1) D:4            Lair (6/6) D:9
 Shoals (4/4) Lair:3       Spider (4/4) Lair:3        Slime (5/5) Lair:5
    Orc (2/2) D:9             Elf (3/3) Orc:2        Vaults (5/5) D:13
  Crypt (3/3) Vaults:2       Tomb (0/3) Crypt:3      Depths (4/4) D:15
    Zot (5/5) Depths:4     Bailey (visited)           IceCv (visited)
 WizLab (visited)         Gauntlet (visited)

Altars:
Ashenzari
Cheibriados
Dithmenos
Elyvilon
Fedhas
Gozag
Hepliaklqana
Kikubaaqudgha
Makhleb
Nemelex Xobeh
Okawaru
Qazlal
Ru
Sif Muna
Trog
Uskayaw
Vehumet
Wu Jian
Xom
Yredelemnul
Zin
The Shining One
Beogh
Ignis
Jiyva

Shops:
D:6 *   D:8 ?   D:11 **=*(   Orc:1 *   Orc:2 (==*[*   Elf:1 =   Elf:3 *=
Shoals:3 [   Shoals:4 **   Vaults:1 !   Vaults:3 *   Zot:5 *   Depths:1 ?:==
Depths:3 *

Portals:
Hell: Depths:1 Depths:2 Depths:3 Depths:4
Abyss: Zot:2 Depths:3
Pandemonium: Depths:2
Ziggurat: Depths:1

Annotations:
D:14 2 transporters, Simel's ghost, journeyman DECj
D:15 3 runed translucent doors, Uwkoecio's ghost, journeyman HOFi
Slime:1 exclusion: 2 shining eyes
Zot:2 2 transporters, Galthrax's ghost, veteran MiGl


Innate Abilities, Weirdness & Mutations

You cannot wear most types of armour.
You are amphibious.
You can wear up to eight rings at the same time.
Your skin changes colour to match your surroundings (Stealth+).
Your rubbery body absorbs attacks. (AC +1, EV +1)
((You are camouflaged when in or above water. (Stealth+)))
You have tentacles for arms and can constrict up to eight enemies at once.
Your body sometimes deteriorates upon taking damage.
You are dopey. (Int -2)
You are very weak. (Str -4)
Your spells are a little harder to cast, but a little more powerful.


Message History

You bludgeon the demonspawn black sun! You grab the demonspawn black sun.
The demonspawn black sun is lightly wounded.
You constrict the demonspawn black sun, but do no damage.
You block the demonspawn black sun's attack.
You thrash the demonspawn black sun!!!!
You squeeze the demonspawn black sun, but do no damage.
The demonspawn black sun is almost dead.
You constrict the demonspawn black sun.
Your demonspawn blood saint hits the demonspawn black sun with a +0 dagger!
The demonspawn black sun dies!
You now have 5216 gold pieces (gained 6).
Things that are here:
a +0 demon trident of electrocution; a +0 scale mail You swap places.
There is an open door here.
There is an open door here.
Your Orb Guardian grins greedily, jangling a coin purse.
An Orb Guardian comes into view.
No target in view!
Your transformation is almost over.
There is an open door here.
There is a staircase leading out of the dungeon here.
Okay, then.
Okay, then.
You feel yourself speed up.
You feel clever all of a sudden.
You feel very mighty all of a sudden.
You feel protected.
You fade into invisibility!
You revert to your normal fleshy form.
Okay, then.
As you read the scroll of summoning, it crumbles to dust.
Wisps of shadow whirl around you...
As you read the scroll of summoning, it crumbles to dust.
Wisps of shadow whirl around you...
As you read the scroll of summoning, it crumbles to dust.
Wisps of shadow whirl around you...
The shadows disperse without effect.
As you read the scroll of summoning, it crumbles to dust.
Wisps of shadow whirl around you...
The shadows disperse without effect.
Okay, then.
You have escaped!

#..#.P.P....#..#.
#..#..P.P.P.#..#.
#..#.P.P....#..#.
#..#..P.P.P.#..#.
#..#.P.P.P..#..#.
##'#...8....####.
##gJ##########.[##
#2Xr.#......'....#
#@6bh'......#....#
##gh##########..##
#### ####


You could see a friendly demonspawn blood saint, a friendly Orb Guardian, a
friendly blizzard demon, a friendly endoplasm (summoned), 2 friendly jackals, 2
friendly hobgoblins, a friendly bat (summoned) and a friendly rat (summoned).

Vanquished Creatures
  2 dread liches
  An orb of fire (Zot:1)
  6 ancient liches (Vaults:5)
  Mara (Vaults:3)
  Sojobo (Depths:1)
  Margery (Depths:3)
  A caustic shrike (Depths:1)
  A curse toe (Zot:5)
  Saint Roka (Crypt:2)
  7 golden dragons
  A bone dragon (Crypt:1)
  Nikola (Vaults:3)
  2 Tzitzimimeh
  2 electric golems
  Arachne (Spider:2)
  A doom hound (Crypt:2)
  8 tentacled monstrosities
  A spectral shard shrike (Crypt:3)
  An iron giant (shapeshifter) (Vaults:5)
  A walking crystal tome (Depths:2)
  Jorgrun (Spider:2)
  8 Orb Guardians (Zot:5)
  Rupert (Lair:3)
  Asterion (Spider:2)
  3 liches
  2 deep elf blademasters (Elf:3)
  2 walking earthen tomes
  6 deep elf master archers
  3 titans
  A walking divine tome (Depths:4)
  6 quicksilver dragons
  Kirke (Spider:2)
  An Executioner (Abyss:1)
  4 death cobs
  16 acid blobs
  A tentacled starspawn (Abyss:1)
  3 thorn hunters (WizLab)
  5 ancient champions
  13 storm dragons
  The ghost of Himmaryad the Brawler, an adept TrMo of Nemelex Xobeh (Depths:1)
  13 tengu reavers
  6 sphinxes
  A storm dragon (shapeshifter) (Vaults:5)
  14 shadow dragons
  10 azure jellies
  5 revenants
  5 fire giants
  Donald (Spider:1)
  9 rockslimes
  5 draconian monks
  2 daevas (Depths:1)
  3 fenstrider witches (WizLab)
  6 deep elf sorcerers
  6 frost giants
  24 vault wardens
  2 iron dragons (Depths:2)
  A spectral juggernaut (Crypt:3)
  An emperor scorpion (shapeshifter) (Vaults:5)
  2 draconian knights
  Aizul (Spider:3)
  Louise (Shoals:2)
  5 draconian scorchers
  A draconian shifter (Zot:4)
  An orc warlord (Vaults:3)
  10 emperor scorpions
  4 deep elf elementalists (Elf:3)
  7 ghost moths
  5 ghouls
  4 draconian stormcallers
  A spectral caustic shrike (Crypt:3)
  15 ironbound preservers
  4 reapers
  3 curse skulls
  An angel (D:15)
  2 spriggan defenders (Depths:2)
  30 very ugly things
  14 quicksilver oozes
  2 draconian annihilators
  6 war gargoyles
  8 ironbound thunderhulks
  12 stone giants
  A broodmother (Spider:3)
  4 vampire knights
  4 deep elf demonologists (Elf:3)
  7 yellow draconians
  6 black draconians
  10 green draconians
  2 spectral hellephants (Crypt:2)
  7 purple draconians
  9 spark wasps
  7 deep elf annihilators
  8 dire elephants
  8 entropy weavers
  A minotaur (Gauntlet)
  6 red draconians
  5 white draconians
  8 deep elf death magi
  A crystal guardian (Vaults:2)
  11 eidola
  9 ettins
  4 merfolk javelineers
  3 shambling mangroves (WizLab)
  4 merfolk impalers
  6 deep elf high priests
  2 spectral quicksilver dragons (Crypt:3)
  A green death (Depths:1)
  16 yaktaur captains
  7 fire dragons
  12 great orbs of eyes
  Josephine (Lair:6)
  Erolcha (D:10)
  3 rakshasas
  A spriggan zombie (Crypt:1)
  A spectral fenstrider witch (Crypt:3)
  3 ice dragons
  4 spectral spriggans (Crypt:3)
  36 vault guards
  6 hydras
  Harold (D:10)
  6 boulder beetles
  The ghost of adperon the Fighter, a journeyman VSFi of Yredelemnul (Lair:2)
  5 radroaches (Spider:3)
  2 catoblepae (Lair:6)
  The ghost of adept the Thaumaturge, a journeyman DjCj of Ashenzari (D:10)
  2 alligator snapping turtles (Shoals:4)
  A caustic shrike simulacrum (IceCv)
  3 peacekeepers
  5 spriggan air magi
  7 ironbound frosthearts
  3 merfolk aquamancers (Shoals:4)
  3 merfolk avatars (Shoals:4)
  A spriggan skeleton (Crypt:1)
  13 death yaks
  3 ogre magi
  11 two-headed ogres
  2 death knights
  2 spectral elves (Crypt:2)
  2 titan zombies
  20 centaur warriors
  2 deep troll shamans (Depths:3)
  3 vampire magi
  2 naga sharpshooters (WizLab)
  2 orc high priests
  2 deep troll earth magi (Depths:4)
  14 hell knights
  6 satyrs
  8 tengu warriors
  2 spectral dire elephants (Crypt:3)
  2 spectral storm dragons (Crypt:3)
  3 spriggan berserkers
  3 soul eaters
  Sonja (Lair:2)
  2 spriggans (Depths:4)
  2 wretched stars (Abyss:1)
  Nergalle (D:12)
  25 skeletal warriors
  6 shadow wraiths (Crypt:3)
  15 deep elf knights
  3 spectral bunyips (Crypt:3)
  12 sea snakes
  A fire crab (shapeshifter) (Elf:1)
  An orb spider (shapeshifter) (Vaults:5)
  A sun moth (Spider:3)
  9 flayed ghosts
  An iron giant zombie (Crypt:2)
  A spectral anaconda (Crypt:3)
  5 pharaoh ants
  11 orb spiders
  4 glowing orange brains
  12 lindwurms
  9 steelbarb worms
  3 bog bodies
  34 deep trolls
  2 starcursed masses (Abyss:1)
  7 deep elf archers
  An obsidian statue (Zot:5)
  A swamp dragon (Lair:6)
  A lindwurm (shapeshifter) (Vaults:4)
  28 harpies
  14 orc knights
  11 wizards
  3 orange crystal statues
  A stone giant zombie (Crypt:3)
  The ghost of DevastatorOne the Basher, a novice MiFi of Zin (D:6)
  19 ironbound convokers
  A wolf spider (shapeshifter) (Vaults:2)
  20 phantasmal warriors
  8 necromancers
  31 deep elf pyromancers
  24 deep elf zephyrmancers
  2 spectral ettins (Crypt:3)
  21 fauns
  A mana viper (Abyss:1)
  A shining eye (shapeshifter) (Vaults:3)
  A spectral centaur (Crypt:3)
  15 wolf spiders
  2 oklob plants
  10 cyclopes
  12 manticores
  2 shining eyes
  35 ugly things
  3 orc sorcerers
  18 moths of wrath
  A salamander (shapeshifter) (D:14)
  2 worldbinders (Abyss:1)
  Joseph (D:10)
  9 merfolk sirens
  2 elephants (Lair:6)
  6 water nymphs
  2 black mambas (Lair:6)
  An eye of devastation (Slime:5)
  2 titan simulacra (Crypt:3)
  16 cane toads
  17 vault sentinels
  A water nymph (shapeshifter) (Vaults:5)
  6 torpor snails
  3 gargoyles
  An alligator snapping turtle zombie (Crypt:1)
  A black draconian zombie (Crypt:1)
  28 yaktaurs
  A white draconian zombie (Crypt:3)
  An efreet (D:14)
  An unseen horror (Abyss:1)
  A death yak zombie (Crypt:2)
  2 hellions (Zot:2)
  9 komodo dragons
  A redback zombie (Crypt:2)
  7 rime drakes
  22 freezing wraiths
  16 demonic crawlers
  An anaconda simulacrum (IceCv)
  3 kobold demonologists
  An alligator snapping turtle skeleton (Crypt:1)
  A green draconian skeleton (Crypt:3)
  4 spectral harpies (Crypt:3)
  3 golden dragon simulacra (IceCv)
  2 tormentors (Crypt:2)
  A death drake zombie (Crypt:1)
  A queen bee (Spider:1)
  11 trolls
  19 merfolk
  A queen bee (shapeshifter) (Depths:1)
  A meliai (shapeshifter) (D:13)
  15 meliai
  3 large abominations (Abyss:1)
  A shadow dragon simulacrum (Crypt:3)
  11 hornets
  30 tarantellas
  10 wind drakes
  A guardian serpent zombie (Crypt:2)
  9 snapping turtles
  7 blink frogs
  19 dream sheep
  65 slime creatures
  2 ice dragon zombies (Crypt:1)
  A raiju (shapeshifter) (D:13)
  15 jumping spiders
  12 flying skulls
  3 dire elephant simulacra
  3 shadows
  14 culicivoras
  4 air elementals
  3 wyverns
  16 wraiths
  2 vampires
  2 ynoxinuls (Abyss:1)
  39 yaks
  11 water elementals
  A wind drake zombie (Crypt:3)
  3 hogs (Spider:2)
  An ettin skeleton (Crypt:1)
  3 basilisks
  A black mamba skeleton (Crypt:1)
  A neqoxec (Abyss:1)
  9 golden eyes
  5 steam dragons
  A chaos spawn (Abyss:1)
  17 vampire mosquitoes
  A redback (shapeshifter) (Vaults:5)
  60 redbacks
  A naga zombie (Abyss:1)
  17 wargs
  3 hydra simulacra (IceCv)
  A swamp worm (shapeshifter) (Vaults:5)
  7 acid dragons
  A faun skeleton (Crypt:2)
  A harpy simulacrum (IceCv)
  10 water moccasins
  Duvessa (D:5)
  A swamp drake (Lair:6)
  A cane toad zombie (Crypt:1)
  3 black bears
  50 orc warriors
  A hornet zombie (D:6)
  An ice beast (D:6)
  A snapping turtle zombie (Crypt:1)
  A black mamba simulacrum (Lair:2)
  A dream sheep zombie (Crypt:1)
  3 necrophages
  An alligator simulacrum (IceCv)
  3 ettin simulacra (IceCv)
  11 ogres
  17 wolves
  8 centaurs
  5 small abominations (Abyss:1)
  A rime drake zombie (Crypt:2)
  A torpor snail zombie (Crypt:1)
  2 phantoms (D:6)
  15 bullfrogs
  2 gnoll sergeants (D:9)
  A cane toad simulacrum (Lair:2)
  An octopode zombie (Crypt:1)
  6 scorpions
  3 earth elementals
  A cyclops skeleton (Crypt:2)
  Dowan (D:5)
  A raiju zombie (Crypt:3)
  A killer bee (shapeshifter) (Depths:2)
  A water moccasin skeleton (D:6)
  A lindwurm simulacrum (IceCv)
  2 elephant simulacra (Lair:2)
  20 killer bees
  4 howler monkeys
  5 wights
  A wolf zombie (Crypt:3)
  10 electric eels
  A centaur zombie (D:7)
  A bullfrog zombie (Crypt:2)
  4 lava snakes (D:11)
  A quasit (Abyss:1)
  18 orc priests
  A jelly (Lair:5)
  5 hounds
  A water moccasin simulacrum (Lair:2)
  2 bullfrog skeletons
  Terence (D:2)
  6 iguanas
  Natasha (thrice) (D:3)
  22 orc wizards
  8 hell rats
  A yak simulacrum (Lair:2)
  A bullfrog simulacrum (Lair:2)
  A hound skeleton (D:4)
  3 howler monkey zombies
  Robin (D:1)
  10 gnolls
  A howler monkey skeleton (Crypt:1)
  7 adders
  2 shadow imps (D:5)
  A swamp drake skeleton (Crypt:2)
  3 white imps
  An ufetubus (Abyss:1)
  A worm (D:2)
  A dart slug (D:5)
  113 orcs
  5 ball pythons
  10 endoplasms
  2 giant cockroaches
  14 goblins
  7 hobgoblins
  6 jackals
  A quokka (D:5)
  A ball python skeleton (Crypt:3)
  6 bats
  2 frilled lizards
  A frilled lizard skeleton (Crypt:1)
  A frilled lizard zombie (Crypt:3)
  A goblin skeleton (Crypt:3)
  6 kobolds
  3 rats
  A creeping inferno (Zot:2)
2324 creatures vanquished.

Vanquished Creatures (collateral kills)
  the Royal Jelly (Slime:5)
  A golden dragon (Zot:1)
  3 tentacled monstrosities
  3 Orb Guardians (Zot:5)
  2 quicksilver dragons
  2 storm dragons (Zot:2)
  An azure jelly (Slime:2)
  2 draconian scorchers (Zot:2)
  A ghoul (Crypt:2)
  A green draconian (Zot:2)
  A yellow draconian (Zot:5)
  A purple draconian (Zot:2)
  A demonspawn black sun (D:1)
  A red draconian (Zot:1)
  2 white draconians (Zot:5)
  2 great orbs of eyes
  A skeletal warrior (Crypt:2)
  6 shining eyes
  4 moths of wrath
  An apocalypse crab (Zot:2)
  3 hornets (Spider:3)
  A jumping spider (Spider:3)
  A flying skull (Crypt:2)
  A wraith (Crypt:2)
  2 golden eyes
  A worm zombie (Crypt:2)
46 creatures vanquished.

Vanquished Creatures (others)
  2 dread liches
  3 orbs of fire (Zot:5)
  2 electric golems
  A Hell Sentinel (Zot:2)
  3 tentacled monstrosities
  13 Orb Guardians (Zot:5)
  A death cob (Zot:2)
  A storm dragon (Zot:5)
  A draconian knight (Zot:4)
  A ghost moth (Zot:5)
  A draconian shifter (Zot:2)
  A draconian annihilator (Zot:4)
  3 yellow draconians
  A black draconian (Zot:2)
  2 purple draconians
  A white draconian (Zot:1)
  5 green draconians
  A red draconian (Zot:1)
  A dire elephant (Vaults:3)
  An ice dragon (Depths:2)
  A rakshasa (Depths:1)
  28 dancing weapons
  A deep elf knight (Elf:1)
  6 moths of wrath
  A hellion (Zot:2)
  A yaktaur (Vaults:4)
  4 briar patches (WizLab)
  35 fungi
  130 plants
  2 starspawn tentacles (Abyss:1)
254 creatures vanquished.

Grand Total: 2624 creatures vanquished

Notes
Turn   | Place    | Note
-------+----------+-------------------------------------------
     0 | D:1      | DiogoH the Octopode Transmuter began the quest for the Orb.
     0 | D:1      | Reached XP level 1. HP: 13/13 MP: 3/3
   214 | D:1      | Found a faded altar of an unknown god.
   686 | D:1      | Reached skill level 1 in Poison Magic
   688 | D:1      | Reached XP level 2. HP: 18/18 MP: 1/5
   697 | D:1      | Reached skill level 1 in Stealth
  1369 | D:2      | Reached XP level 3. HP: 23/23 MP: 4/6
  1373 | D:2      | Learned a level 3 spell: Spider Form
  1375 | D:2      | Noticed Terence
  1771 | D:2      | Noticed Robin
  2056 | D:1      | Killed Robin
  2296 | D:2      | Reached XP level 4. HP: 28/28 MP: 5/7
  2903 | D:3      | Reached XP level 5. HP: 15/33 MP: 8/8
  3097 | D:3      | Learned a level 4 spell: Ice Form
  3158 | D:3      | Noticed a black bear
  3177 | D:3      | Found an ancient bone altar of Kikubaaqudgha.
  3177 | D:3      | Found a blossoming altar of Fedhas.
  3181 | D:3      | Found a glowing golden altar of the Shining One.
  3181 | D:3      | Found a shimmering altar of Xom.
  3184 | D:3      | Found a sacrificial altar of Ru.
  3251 | D:3      | Noticed Natasha
  4035 | D:4      | Noticed a necrophage
  4040 | D:4      | Found a staircase to the Ecumenical Temple.
  4047 | Temple   | Entered the Ecumenical Temple
  4090 | Temple   | Became a worshipper of Gozag Ym Sagoz the Greedy
  4336 | D:4      | Noticed an ogre
  4349 | D:4      | Reached XP level 6. HP: 38/38 MP: 7/9
  5339 | D:4      | Reached skill level 5 in Transmutations
  5494 | D:5      | Entered Level 5 of the Dungeon
  5583 | D:5      | Noticed a yak
  5583 | D:5      | Noticed a black bear
  5599 | D:5      | Noticed a yak
  5600 | D:5      | Noticed a yak
  5601 | D:5      | Noticed a yak
  5601 | D:5      | Noticed a yak
  5615 | D:4      | Killed a yak
  5616 | D:4      | Reached skill level 2 in Fighting
  5616 | D:4      | Reached XP level 7. HP: 28/45 MP: 10/10
  5923 | D:5      | Found a transporter.
  6038 | D:5      | Found a transporter.
  6084 | D:5      | Reached skill level 3 in Fighting
  6176 | D:5      | Reached skill level 5 in Unarmed Combat
  6247 | D:5      | Reached XP level 8. HP: 52/52 MP: 7/11
  6302 | D:5      | Killed a yak
  6303 | D:5      | Reached skill level 1 in Ice Magic
  6311 | D:5      | Killed a yak
  6331 | D:5      | Killed a yak
  6341 | D:5      | Killed a yak
  6618 | D:5      | Noticed Dowan
  6619 | D:5      | Noticed Duvessa
  7097 | D:5      | Killed Dowan
  7098 | D:5      | Reached XP level 9. HP: 56/56 MP: 8/12
  7109 | D:5      | Killed Duvessa
  7280 | D:5      | Reached skill level 5 in Ice Magic
  7299 | D:5      | Found a shimmering blue altar of Sif Muna.
  7505 | D:5      | Found a transporter.
  7559 | D:5      | Found a transporter.
  8062 | D:6      | Noticed a troll
  8074 | D:6      | Found a runed translucent door.
  8074 | D:6      | Noticed DevastatorOne's ghost (novice MiFi)
  8083 | D:6      | Found Votoad's Gadget Gallery.
  8584 | D:6      | Killed a troll
  8649 | D:7      | Reached skill level 4 in Fighting
  8725 | D:7      | Reached skill level 8 in Fighting
  8725 | D:7      | Reached XP level 10. HP: 73/73 MP: 13/13
  8741 | D:7      | Found a flagged portal.
  8761 | Bailey   | Entered a bailey
  8945 | Bailey   | Noticed an orc knight
  9109 | Bailey   | Noticed an orc knight
  9117 | Bailey   | Noticed an orc knight
  9138 | Bailey   | Killed an orc knight
  9154 | Bailey   | Noticed a moth of wrath
  9154 | Bailey   | an orc knight changed into a moth of wrath
  9160 | Bailey   | Killed a moth of wrath
  9161 | Bailey   | Reached XP level 11. HP: 55/78 MP: 12/14
  9229 | Bailey   | Noticed a salamander
  9229 | Bailey   | an orc knight changed into a salamander
  9231 | Bailey   | a salamander changed into a wind drake
  9256 | Bailey   | Reached skill level 9 in Fighting
 10245 | D:8      | Found a hazy altar of Hepliaklqana.
 10297 | D:8      | Noticed a two-headed ogre
 10393 | D:8      | Found Gagics's Magic Scroll Boutique.
 10397 | D:8      | Bought a scroll of vulnerability for 82 gold pieces
 10397 | D:8      | Bought a scroll of immolation for 38 gold pieces
 10397 | D:8      | Bought a scroll of identify for 22 gold pieces
 10397 | D:8      | Bought a scroll of identify for 22 gold pieces
 10402 | D:8      | Bought a scroll of identify for 22 gold pieces
 10402 | D:8      | Bought a scroll of identify for 22 gold pieces
 10989 | D:8      | Killed a two-headed ogre
 11610 | D:9      | Found a staircase to the Lair.
 11761 | D:9      | Found a white marble altar of Elyvilon.
 11993 | D:10     | Entered Level 10 of the Dungeon
 12049 | D:10     | Noticed a two-headed ogre
 12059 | D:10     | Killed a two-headed ogre
 12213 | D:10     | Found a runed translucent gate.
 12214 | D:10     | Found a runed translucent gate.
 12215 | D:10     | Found a runed translucent gate.
 12217 | D:10     | Noticed adept's ghost (journeyman DjCj)
 12254 | D:10     | Noticed Erolcha
 12254 | D:10     | Noticed Joseph
 12504 | D:2      | Killed Terence
 12712 | D:3      | Killed Natasha
 12737 | D:3      | Found a blossoming altar of Fedhas.
 12737 | D:3      | Found a shimmering altar of Xom.
 12741 | D:3      | Found a glowing golden altar of the Shining One.
 12741 | D:3      | Found an ancient bone altar of Kikubaaqudgha.
 12760 | D:3      | Found a sacrificial altar of Ru.
 12876 | D:3      | Noticed Natasha
 12883 | D:3      | Killed Natasha
 12926 | D:3      | Noticed Natasha
 12932 | D:3      | Killed Natasha
 13102 | D:6      | Reached skill level 10 in Fighting
 13296 | Lair:1   | Entered Level 1 of the Lair of Beasts
 13404 | Lair:1   | You are sucked into a shaft and drop 1 floor!
 13623 | Lair:2   | Reached XP level 12. HP: 87/87 MP: 15/15
 14005 | Lair:1   | Reached skill level 5 in Stealth
 14329 | Lair:2   | Reached skill level 10 in Unarmed Combat
 14363 | Lair:2   | Reached skill level 10 in Transmutations
 14394 | Lair:2   | Noticed adperon's ghost (journeyman VSFi)
 14433 | Lair:2   | Found a runed translucent gate.
 14433 | Lair:2   | Found a runed translucent gate.
 14433 | Lair:2   | Found a runed translucent gate.
 14588 | Lair:2   | Reached skill level 10 in Dodging
 14650 | Lair:2   | Noticed Sonja
 14776 | Lair:3   | Found a gate leading to a gauntlet.
 14788 | Gauntlet | Entered a Gauntlet
 14788 | Gauntlet | Found a transporter.
 14788 | Gauntlet | Found a transporter.
 14804 | Gauntlet | Found a transporter.
 14808 | Gauntlet | Found a transporter.
 14822 | Gauntlet | Found a transporter.
 14834 | Gauntlet | Found a transporter.
 14854 | Gauntlet | Found a transporter.
 14872 | Gauntlet | Found a transporter.
 14876 | Gauntlet | Found a transporter.
 14886 | Gauntlet | Found a transporter.
 14890 | Gauntlet | Found a transporter.
 14934 | Gauntlet | Found a transporter.
 15028 | Gauntlet | Got the Grimoire of Feathers and Stones
 15162 | Gauntlet | Identified the amulet of Morality {Acrobat rElec Regen+
                  | Dex+2}
 15213 | Gauntlet | Identified the ring of Neas {rElec rPois rC- rN+ rCorr}
 15213 | Gauntlet | Noticed a minotaur
 15272 | Gauntlet | Killed a minotaur
 15289 | Gauntlet | Identified the +1 rapier of Ciutt {speed, Stlth+}
 15537 | Lair:3   | Reached XP level 13. HP: 93/93 MP: 11/16
 15852 | Lair:3   | Found a staircase to the Shoals.
 15876 | Lair:3   | Noticed Rupert
 16070 | Lair:3   | Found a hole to the Spider Nest.
 17343 | Lair:5   | Reached skill level 11 in Fighting
 17567 | Lair:5   | Found a runed translucent door.
 17567 | Lair:5   | Found a viscous altar of Jiyva.
 17648 | Lair:5   | Found a dark tunnel.
 18580 | Lair:5   | Found a staircase to the Slime Pits.
 18653 | Lair:6   | Entered Level 6 of the Lair of Beasts
 19038 | Lair:6   | Reached XP level 14. HP: 101/101 MP: 17/17
 19395 | Lair:6   | Noticed a dire elephant
 20106 | Lair:6   | Noticed Josephine
 20112 | Lair:6   | Killed Josephine
 20923 | Lair:6   | Reached skill level 12 in Fighting
 21169 | Lair:6   | Learned a level 7 spell: Dragon Form
 21377 | Lair:6   | Killed a dire elephant
 22330 | D:9      | Found a staircase to the Orcish Mines.
 22395 | Orc:1    | Entered Level 1 of the Orcish Mines
 22758 | Orc:1    | Found Wifauty's Whimsical Warehouse.
 22948 | Orc:2    | Entered Level 2 of the Orcish Mines
 22994 | Orc:1    | Learned a level 2 spell: Wereblood
 23611 | Orc:2    | Reached skill level 15 in Transmutations
 23677 | Orc:2    | Found a staircase to the Elven Halls.
 23919 | Orc:2    | Found Lokeegh's Antique Armour Boutique.
 23929 | Orc:2    | Reached XP level 15. HP: 108/108 MP: 9/18
 23953 | Orc:2    | Found Mim Fain's Assorted Antiques.
 23975 | Orc:2    | Bought a scroll of blinking for 232 gold pieces
 24070 | Orc:2    | Found Gyrchicyw's Weapon Boutique.
 24103 | Orc:2    | Found Pekovvuh's Jewellery Emporium.
 24123 | Orc:2    | Bought a black potion for 31 gold pieces
 24157 | Orc:2    | Bought an encrusted bronze wand for 124 gold pieces
 24187 | Orc:2    | Bought a wand of flame (3) for 35 gold pieces
 24195 | Orc:2    | Bought a ring of willpower for 350 gold pieces
 24195 | Orc:2    | Bought a +4 ring of evasion for 504 gold pieces
 24202 | Orc:2    | Bought a ring of willpower for 875 gold pieces
 24383 | Orc:2    | Bought a ring of protection from cold for 375 gold pieces
 24622 | D:10     | Noticed Harold
 24670 | D:10     | Reached skill level 1 in Evocations
 24968 | D:10     | Killed Erolcha
 25390 | D:10     | Killed Joseph
 25451 | D:10     | Killed Harold
 26793 | D:11     | Found Zuabor's General Store.
 26798 | D:11     | Bought a scroll of fear for 56 gold pieces
 26908 | D:11     | Found Fyce's Jewellery Boutique.
 26956 | D:11     | Bought the ring "Pazapount" {rC++ Int+6 SInv Stlth+} for
                  | 1260 gold pieces
 27035 | D:11     | Found Ipsaps's Assorted Antiques.
 27050 | D:11     | Bought a potion of haste for 290 gold pieces
 27171 | D:11     | Found Tofiusch's Weapon Emporium.
 27393 | D:11     | Found Giashomul's Assorted Antiques.
 27397 | D:11     | Bought a potion of cancellation for 208 gold pieces
 28373 | D:12     | Reached skill level 5 in Evocations
 28417 | D:12     | Noticed Nergalle
 28428 | D:12     | Killed Nergalle
 28682 | D:13     | Found a portal to a secret trove of treasure.
 28784 | D:13     | Found a gate to the Vaults.
 29253 | D:14     | Cast into level 1 of the Abyss (meliai)
 29375 | Abyss:1  | Found a viscous altar of Jiyva.
 29412 | Abyss:1  | Noticed an ancient lich
 29530 | Abyss:1  | Noticed a daeva
 29667 | Abyss:1  | Noticed a tentacled starspawn
 29672 | Abyss:1  | Killed a tentacled starspawn
 29757 | Abyss:1  | Noticed an Executioner
 29770 | Abyss:1  | Killed an Executioner
 29781 | Abyss:1  | Noticed a tentacled starspawn
 29792 | D:14     | Escaped the Abyss
 29916 | D:14     | Found a transporter.
 29981 | D:14     | Found a transporter.
 29984 | D:14     | Noticed Simel's ghost (journeyman DECj)
 30575 | D:14     | Reached XP level 16. HP: 115/115 MP: 11/19
 30812 | D:15     | Entered Level 15 of the Dungeon
 30961 | D:15     | Found an opulent altar of Gozag.
 31096 | D:15     | Found a staircase to the Depths.
 31262 | D:15     | Found a frozen archway.
 31313 | IceCv    | Entered an ice cave
 31889 | D:15     | Found a runed translucent gate.
 31889 | D:15     | Found an opulent altar of Gozag.
 31890 | D:15     | Found a runed translucent gate.
 31891 | D:15     | Found a runed translucent gate.
 31891 | D:15     | Noticed a storm dragon
 31892 | D:15     | Noticed Uwkoecio's ghost (journeyman HOFi)
 32458 | D:6      | Killed DevastatorOne's ghost
 32476 | D:6      | Bought a wand of flame (12) for 91 gold pieces
 32571 | D:8      | Found a bloodstained altar of Trog.
 32571 | D:8      | Found a burning altar of Makhleb.
 32715 | D:10     | Killed adept's ghost
 32888 | D:11     | Identified the +5 scimitar "Esmodof" {freeze, Dex+3}
 33112 | Lair:2   | Killed adperon's ghost
 33215 | Lair:2   | Killed Sonja
 33322 | Lair:3   | Killed Rupert
 33323 | Lair:3   | Reached skill level 13 in Fighting
 33599 | Spider:1 | Entered Level 1 of the Spider Nest
 33656 | Spider:1 | Noticed Donald
 33780 | Spider:1 | Reached skill level 10 in Evocations
 34468 | Spider:2 | Noticed Jorgrun
 34476 | Spider:2 | Killed Jorgrun
 34757 | Spider:2 | Noticed Kirke
 34769 | Spider:2 | Killed Kirke
 34882 | Spider:2 | Noticed Asterion
 35432 | Spider:3 | Reached XP level 17. HP: 123/123 MP: 9/20
 35598 | Spider:3 | Noticed Aizul
 35607 | Spider:3 | Killed Aizul
 36450 | Spider:3 | Reached skill level 14 in Fighting
 36620 | Spider:4 | Entered Level 4 of the Spider Nest
 37991 | Spider:4 | Reached XP level 18. HP: 132/132 MP: 16/21
 38170 | Spider:4 | Got a gossamer rune of Zot
 38453 | Shoals:1 | Entered Level 1 of the Shoals
 39078 | Shoals:1 | Reached skill level 15 in Dodging
 39078 | Shoals:1 | Reached skill level 15 in Unarmed Combat
 39153 | Shoals:1 | Reached skill level 15 in Fighting
 40151 | Shoals:2 | Noticed Louise
 40165 | Shoals:2 | Killed Louise
 40204 | Shoals:2 | Identified a scroll of acquirement
 40208 | Shoals:2 | Acquired the ring "Lemeudul" {Will+ Str+2 Int+6}
 40932 | Shoals:3 | Found Peitem's Armour Shoppe.
 41669 | Shoals:4 | Entered Level 4 of the Shoals
 41708 | Shoals:4 | Found Quoss's Specific Store.
 41757 | Shoals:4 | Identified the +10 plate armour of Goqew {rN+ Regen+ Int-4
                  | Dex+4}
 41767 | Shoals:4 | Found Ogint's General Store.
 41779 | Shoals:4 | Bought a scroll of summoning for 133 gold pieces
 42011 | Shoals:4 | Reached XP level 19. HP: 141/141 MP: 18/22
 42047 | Shoals:4 | Got a barnacled rune of Zot
 42135 | Shoals:4 | Identified the ring "Ybloycel" {rF+ rCorr Str-4 Int+7}
 42893 | Vaults:1 | Entered Level 1 of the Vaults
 42978 | Vaults:1 | Reached skill level 16 in Fighting
 43614 | Vaults:1 | Found Taovaf's Distillery.
 44960 | Vaults:2 | Found a staircase to the Crypt.
 45800 | Vaults:3 | Found Porch's Assorted Antiques.
 45817 | Vaults:3 | Bought a sparkling brass ring for 110 gold pieces
 45817 | Vaults:3 | Identified the ring "Legit" {Will+ SInv} (You bought it in
                  | a shop on level 3 of the Vaults)
 45831 | Vaults:3 | Noticed Mara
 45840 | Vaults:3 | Reached XP level 20. HP: 150/150 MP: 8/23
 45859 | Vaults:3 | Reached skill level 17 in Fighting
 45873 | Vaults:3 | Killed Mara
 46930 | Vaults:3 | Noticed Nikola
 46947 | Vaults:3 | Killed Nikola
 47450 | Vaults:4 | Learned a level 6 spell: Statue Form
 47504 | Vaults:4 | Reached skill level 1 in Earth Magic
 47832 | Vaults:4 | Reached skill level 18 in Fighting
 48012 | Vaults:4 | Reached skill level 5 in Earth Magic
 48013 | Vaults:4 | Reached XP level 21. HP: 159/159 MP: 19/24
 48655 | Elf:1    | Entered Level 1 of the Elven Halls
 49397 | Elf:1    | Found Veirghuxt's Jewellery Shoppe.
 49718 | Elf:1    | Paralysed by an air elemental for 1 turns
 49730 | Elf:1    | Reached skill level 10 in Earth Magic
 50488 | Elf:2    | Found a huge runed translucent gate.
 50488 | Elf:2    | Found a huge runed translucent gate.
 50488 | Elf:2    | Found a huge runed translucent gate.
 50488 | Elf:2    | Found a huge runed translucent gate.
 50488 | Elf:2    | Found a huge runed translucent gate.
 51717 | Depths:1 | Entered Level 1 of the Depths
 51718 | Depths:1 | Found a one-way gateway to a ziggurat.
 51889 | Depths:1 | Found a gateway to Hell.
 52061 | Depths:1 | You fall into a shaft and drop 1 floor!
 52097 | Depths:2 | Reached skill level 1 in Shields
 52160 | Depths:1 | Noticed a caustic shrike
 52162 | Depths:1 | Noticed Himmaryad's ghost (adept TrMo)
 52163 | Depths:1 | Noticed a golden dragon
 52168 | Depths:1 | Noticed a golden dragon
 52270 | Depths:1 | Found Xouby's Book Emporium.
 52270 | Depths:1 | Found Denydet's Jewellery Boutique.
 52271 | Depths:1 | Found Dyoqyqepn's Jewellery Boutique.
 52336 | Depths:1 | Found a transporter.
 52360 | Depths:1 | Found a transporter.
 52543 | Depths:1 | Identified the ring of Xitze {rC+ rN+}
 53017 | D:11     | Bought a ring of protection from fire for 350 gold pieces
 53202 | Depths:1 | Bought a ring of protection from fire for 375 gold pieces
 53354 | Depths:1 | Noticed Sojobo
 53365 | Depths:1 | Killed Sojobo
 53366 | Depths:1 | Reached XP level 22. HP: 165/165 MP: 7/26
 53366 | Depths:1 | Found Qaosiank's Magic Scroll Shoppe.
 54118 | Depths:1 | Identified the +7 quarterstaff of the Vase {drain, rN+
                  | Str+9 Int-3}
 54294 | Depths:2 | Found a one-way gate leading to the halls of Pandemonium.
 54544 | D:14     | Learned a level 5 spell: Lee's Rapid Deconstruction
 54730 | Depths:1 | Found a transporter.
 54761 | Depths:1 | Found a one-way gateway to a ziggurat.
 55006 | Depths:3 | Found Iddec's General Store.
 55137 | Depths:3 | Noticed Margery
 55159 | Depths:3 | Killed Margery
 55292 | Depths:3 | Reached skill level 5 in Shields
 55358 | Depths:3 | Found a one-way gate to the infinite horrors of the Abyss.
 56502 | Depths:4 | Entered Level 4 of the Depths
 56608 | Depths:4 | Reached skill level 19 in Fighting
 56709 | Depths:4 | Reached XP level 23. HP: 174/174 MP: 29/29
 57134 | Depths:4 | Noticed a golden dragon
 57144 | Depths:4 | Killed a golden dragon
 57347 | Depths:4 | Noticed a golden dragon
 57505 | Depths:4 | Found a gate to the Realm of Zot.
 57597 | Depths:4 | Killed a golden dragon
 57598 | Depths:4 | Reached skill level 10 in Shields
 58005 | Elf:3    | Entered Level 3 of the Elven Halls
 58066 | Elf:3    | Found Zira's Jewellery Emporium.
 58092 | Elf:3    | Found a gateway to a bazaar.
 58114 | Elf:3    | Found Pizuolip's General Store.
 58172 | Bazaar   | Entered a bazaar
 58172 | Bazaar   | Found Noog Wat's Antique Weapon Shoppe.
 58172 | Bazaar   | Found Masottom's Antique Armour Shoppe.
 58172 | Bazaar   | Found Orural's Weapon Emporium.
 58174 | Bazaar   | Found Laabb's Distillery.
 58188 | Bazaar   | Bought a potion of ambrosia for 104 gold pieces
 58188 | Bazaar   | Bought a potion of curing for 39 gold pieces
 58188 | Bazaar   | Bought a potion of curing for 39 gold pieces
 58188 | Bazaar   | Bought a potion of curing for 39 gold pieces
 58188 | Bazaar   | Bought a potion of brilliance for 52 gold pieces
 58188 | Bazaar   | Bought a potion of cancellation for 104 gold pieces
 58188 | Bazaar   | Bought a potion of haste for 130 gold pieces
 58188 | Bazaar   | Bought a potion of heal wounds for 65 gold pieces
 58188 | Bazaar   | Bought a potion of curing for 39 gold pieces
 59035 | Elf:3    | Found the +7 lajatang of Order {silver, rMut}
 59066 | Elf:3    | Identified the ring of Puomodum {rElec rF+ Will+ SInv}
 59070 | Elf:3    | Found the +5 robe of Night {Dark Will+ SInv}
 59188 | Elf:3    | Got the Collected Works on the Frostbite and Translocation
 59212 | Elf:3    | Identified the +1 robe of the Evening {Harm Str+6}
 59215 | Elf:3    | Identified the +1 robe "Damnable Contraption" {rF+ rN+
                  | Dex-4}
 59230 | Elf:3    | Identified the +4 short sword of Nobrem {antimagic, rF+}
 59706 | Depths:1 | Killed a caustic shrike
 59711 | Depths:1 | Killed a golden dragon
 59716 | Depths:1 | Killed a golden dragon
 59724 | Depths:1 | Killed Himmaryad's ghost
 59736 | Depths:1 | Identified the +0 cloak "Ebaoch" {rF+ rC+ Str+4}
 59739 | Depths:1 | Identified the -5 helmet "Norho" {Drain rC+++ Int+4 SInv}
 59958 | Crypt:1  | Entered Level 1 of the Crypt
 60036 | Crypt:1  | Found a magical portal.
 60082 | WizLab   | Entered Eringya's Formal Garden
 60197 | WizLab   | Got Vevvan's Papyrus of the Cloudy Snowflakes
 60642 | WizLab   | Found a blossoming altar of Fedhas.
 60721 | WizLab   | Reached XP level 24. HP: 182/182 MP: 26/29
 61252 | Crypt:1  | Reached skill level 20 in Fighting
 61490 | Crypt:2  | Noticed Saint Roka
 61509 | Crypt:2  | Killed Saint Roka
 61764 | Crypt:1  | Reached skill level 15 in Evocations
 63330 | Crypt:2  | Identified the +11 lajatang "Foledod" {flame, Fly}
 63331 | Crypt:2  | Identified the +2 robe of Xom's Condemnation {Fly rF-
                  | Int+5}
 63415 | Crypt:3  | Entered Level 3 of the Crypt
 63471 | Crypt:3  | Found a staircase to the Tomb.
 64242 | Crypt:3  | Reached skill level 21 in Fighting
 64702 | Crypt:3  | Reached XP level 25. HP: 192/192 MP: 22/29
 64865 | Crypt:3  | Found the +7 Singing Sword {vorpal, sonic wave}
 64889 | Crypt:3  | Identified the amulet "Zeafed" {rElec Regen+ Slay+3}
 65278 | Spider:1 | Killed Donald
 65358 | Spider:2 | Killed Asterion
 65358 | Spider:2 | Noticed Arachne
 65429 | Spider:2 | Killed Arachne
 65610 | Slime:1  | Entered Level 1 of the Pits of Slime
 66229 | Slime:2  | Gained mutation: You occasionally shout uncontrollably at
                  | your foes. [a shining eye]
 66937 | Slime:5  | Entered Level 5 of the Pits of Slime
 67977 | Slime:5  | Reached skill level 22 in Fighting
 67999 | Slime:5  | Gained mutation: You are weak. (Str -2) [a shining eye]
 68014 | Slime:5  | Noticed the Royal Jelly
 68038 | Slime:5  | Killed the Royal Jelly
 68326 | Slime:5  | Got a slimy rune of Zot
 68328 | Slime:5  | Got the Incunabulum of the Turtledove
 68771 | Slime:5  | Identified the +7 falchion "Yligos" {freeze, *Noise Fly
                  | MP+9 Dex+3}
 68779 | Slime:5  | Identified the +9 quarterstaff "Zeel" {flame, *Corrode
                  | rPois Str+3 Dex+2}
 68789 | Slime:5  | Identified the +6 hand crossbow of Tumult {flame, rF+ Str+4
                  | Stlth+}
 69084 | D:13     | Learned a level 5 spell: Yara's Violent Unravelling
 69674 | D:13     | You showed the slimy rune of Zot to enter a treasure trove
 69675 | Trove    | Entered a treasure trove
 69683 | Trove    | Identified the ring of Circularity {rN+ Str+3 Int-3 Dex+8
                  | SInv}
 69685 | Trove    | Identified the +0 tower shield of the Wasteland {rPois
                  | Will++ Dex+3}
 69697 | Trove    | Identified the +4 hunting sling of Charity {freeze, rElec}
 69705 | Trove    | Identified the +3 morningstar "Qugheyzu" {freeze, Str+3
                  | SInv}
 69948 | Vaults:5 | Entered Level 5 of the Vaults
 69963 | Vaults:5 | Noticed an ancient lich
 69968 | Vaults:5 | Killed an ancient lich
 69994 | Vaults:5 | Identified the +7 halberd of Fadetaj {pain, rElec rPois rC-
                  | rCorr}
 70004 | Vaults:5 | Noticed an ancient lich
 70009 | Vaults:5 | Noticed an ancient lich
 70011 | Vaults:5 | Killed an ancient lich
 70012 | Vaults:5 | Reached XP level 26. HP: 199/203 MP: 29/29
 70017 | Vaults:5 | Killed an ancient lich
 70175 | Vaults:5 | Identified the amulet "Impav" {RegenMP rPois}
 70353 | Vaults:5 | Noticed an ancient lich
 70365 | Vaults:5 | Killed an ancient lich
 70436 | Vaults:5 | Found the +3 pair of gauntlets of War {Slay+5}
 70530 | Vaults:5 | Noticed an ancient lich
 70538 | Vaults:5 | Killed an ancient lich
 70647 | Vaults:5 | Identified the +4 great sword of Ymaklets {vorpal, rCorr}
 70741 | Vaults:5 | Got a silver rune of Zot
 70830 | Vaults:5 | Reached skill level 15 in Shields
 71611 | Vaults:5 | Noticed an ancient lich
 71620 | Vaults:5 | Killed an ancient lich
 71648 | Vaults:5 | Reached skill level 23 in Fighting
 71717 | Vaults:5 | Identified the +7 long sword "Ekacat" {pain, Fly rF++ Dex+2
                  | Stlth+}
 71728 | Vaults:5 | Identified the +10 hand axe "Pujum" {chaos, rF+}
 71728 | Vaults:5 | Identified the +4 troll leather armour of the Pleiades
                  | {Contam rElec Regen+ Str+3}
 71728 | Vaults:5 | Identified the ring "Seusyi" {rPois rC+ MP+9 Int-4}
 71733 | Vaults:5 | Noticed a dread lich
 71747 | Vaults:5 | Killed a dread lich
 71777 | Vaults:5 | Got the Handbook of Malediction and Venom
 71780 | Vaults:5 | Got the Almanac of Transmigration
 72186 | Zot:1    | Entered Level 1 of the Realm of Zot
 72188 | Zot:1    | Noticed an orb of fire
 72388 | Zot:1    | Noticed an orb of fire
 72856 | Zot:2    | Reached XP level 27. HP: 211/211 MP: 24/29
 72936 | Zot:2    | Found a transporter.
 72954 | Zot:2    | Found a transporter.
 72983 | Zot:2    | Noticed a dread lich
 72984 | Zot:2    | Noticed Galthrax's ghost (veteran MiGl)
 72989 | Zot:2    | Killed a dread lich
 73855 | Zot:2    | Learned a level 2 spell: Passwall
 74435 | Depths:3 | Bought a scroll of fog for 44 gold pieces
 74661 | Vaults:3 | Bought a potion of resistance for 220 gold pieces
 74661 | Vaults:3 | Bought a potion of might for 88 gold pieces
 74749 | Vaults:1 | Bought a potion of magic for 128 gold pieces
 74934 | Orc:2    | Bought a potion of magic for 248 gold pieces
 75155 | Depths:1 | Bought a scroll of summoning for 133 gold pieces
 75372 | Zot:4    | Identified the +2 battleaxe "Syeliunu" {pain, rF- rN+++
                  | rCorr Int+3}
 75971 | Zot:5    | Entered Level 5 of the Realm of Zot
 76021 | Zot:5    | Found Lofefi's CLEARANCE SALE!.
 76510 | Zot:5    | Found Lofefi's CLEARANCE SALE!.
 76738 | Zot:5    | Noticed a dread lich
 76753 | Zot:5    | Noticed an orb of fire
 76765 | Zot:5    | Noticed a dread lich
 76772 | Zot:5    | Killed a dread lich
 76780 | Zot:5    | Killed an orb of fire
 76781 | Zot:5    | Noticed an orb of fire
 76796 | Zot:5    | Found Lofefi's CLEARANCE SALE!.
 76797 | Zot:5    | Killed an orb of fire
 76840 | Zot:5    | Killed a dread lich
 76852 | Zot:5    | Noticed an orb of fire
 77114 | Zot:5    | Found Lofefi's CLEARANCE SALE!.
 77315 | Zot:5    | Noticed an orb of fire
 77384 | Zot:5    | Killed an orb of fire
 77455 | Zot:5    | Noticed a dread lich
 78321 | Zot:5    | Found Lofefi's CLEARANCE SALE!.
 79133 | Zot:5    | Found Lofefi's CLEARANCE SALE!.
 79313 | Zot:5    | Got the Orb of Zot
 79424 | Zot:1    | Gained mutation: You tend to lose your temper in combat.
                  | [an orb of fire]
 79429 | Zot:1    | Gained mutation: You are dopey. (Int -2) [an orb of fire]
 79430 | Zot:1    | Gained mutation: You are very weak. (Str -4) [an orb of
                  | fire]
 79431 | Zot:1    | Killed an orb of fire
 79434 | Zot:1    | Lost mutation: You tend to lose your temper in combat.
                  | [potion of mutation]
 79434 | Zot:1    | Lost mutation: You occasionally shout uncontrollably at
                  | your foes. [potion of mutation]
 79434 | Zot:1    | Gained mutation: Your body sometimes deteriorates upon
                  | taking damage. [potion of mutation]
 79434 | Zot:1    | Gained mutation: Your spells are a little harder to cast,
                  | but a little more powerful. [potion of mutation]
 79791 | D:4      | Noticed Buseoll the pandemonium lord
 79933 | D:$      | Escaped with the Orb!

Illustrated notes

Levels and vault maps discovered:
D:1:      sevenhm_arrival_forest_fort_large_4, layout_loops_corners,
          chequers_ecumenical_altar_simple
D:2:      layout_loops_ring, uniq_robin, uniq_terence
D:3:      layout_rooms, grunt_temple_overflow_open,
          nicolae_ru_great_annihilating_truth, uniq_natasha
D:4:      layout_cave_pods, minmay_temple_entry_mist, kennysheep_generic_room_10
D:5:      gammafunk_wand_slinger, layout_rooms, mainiacjoe_overflow_chevrons,
          chequers_mini_garden, kennysheep_generic_room_13, uniq_duvessa
D:6:      layout_rooms, gammafunk_ghost_grave, nicolae_shop_gadgets
D:7:      layout_basic, enter_bailey_2
D:8:      layout_loops_ring, old_standard_altar, nicolae_overflow_squiral,
          serial_shops, shop_scrolls, nicolae_straight_to_the_point
D:9:      layout_rooms, kennysheep_little_box, erik_lair_orcish_takeover,
          david_orc_4, dk_vineyard_1
D:10:     layout_small_grid, gammafunk_ghost_spectres, uniq_erolcha,
          uniq_harold, uniq_joseph
D:11:     layout_long_grid, serial_shops, nicolae_shop_trees,
          nicolae_stop_n_shop_2, nicolae_shop_bloodbath_and_beyond,
          nicolae_square_shop, shop_statue, disabler_island
D:12:     layout_roguey, uniq_nergalle
D:13:     layout_rooms, lightli_vaults_fourway_checkpoint, enter_trove_6
D:14:     layout_roguey, gammafunk_ghost_stat_death, chequers_big_river,
          special_room [special_room_orc]
D:15:     grunt_enter_depths_hoard, layout_loops_ring,
          portal_ice_cave_entry_frozen_things, hellmonk_bongcloud_opening,
          ebering_ghost_gozag, nicolae_gozag_cash_rules_everything_around_me
Temple:   pdpol_scorched_temple
Lair:1:   layout_misc_corridors, chequers_serial_rivers_marsh
Lair:2:   layout_cave_shapes, gammafunk_ghost_icy, uniq_sonja
Lair:3:   layout_loops_ring, minmay_shoals_entry_centaurs,
          spider_nest_entry_webs, gauntlet_entry_generic, uniq_rupert
Lair:4:   layout_regular_city, grunt_forest_small_clearings
Lair:5:   layout_cave_pods, slime_altar_2, nicolae_volcano_entry_vermiform,
          serial_bayou_shore_a, grunt_megastairs_2
Lair:6:   hangedman_lair_in_review, layout_cave_pods, guppyfry_lair_end_dragon,
          nicolae_lair_yak_garden, uniq_josephine
Shoals:1: layout_shoals
Shoals:2: layout_shoals, nicolae_shoals_drake_roost, uniq_louise
Shoals:3: layout_shoals, serial_shops, nicolae_shop_hallway_plus
Shoals:4: shoals_end_hangedman, layout_shoals, nicolae_specific_store
Spider:1: layout_spider_delve, special_room [special_room_bee], uniq_donald
Spider:2: layout_spider_delve, hangedman_spider_tarantella_strand, uniq_jorgrun,
          uniq_asterion, uniq_kirke, uniq_arachne
Spider:3: spiders_nest_scorpion_pit, hellmonk_test_site, uniq_aizul
Spider:4: grunt_spider_rune_circles, worms_lemuel
Slime:1:  cheibrodos_slime_lost_civilization_1, layout_caves
Slime:2:  layout_caves, amcnicky_altar_lugonu_corruption
Slime:3:  layout_caves, basic_altar
Slime:4:  layout_caves, cheibrodos_slime_lost_civilization_6
Slime:5
Orc:1:    layout_caves, basic_altar, nicolae_alphabet_shops
Orc:2:    st_orc_town, layout_caves
Elf:1:    elf_arrival_001, layout_loops_corners, serial_shops, shop_fountains,
          hangedman_elven_crosses_minicolossus, drop_trap
Elf:2:    elven_hall_of_blades_hangedman_alternative
          [mumra_blade_entry_bloodbath], layout_loops_cross,
          elves_outpost_lemuel
Elf:3:    elf_hall_gauntlet_wide, layout_geoelf_castle, serial_shops,
          bzr_entry_islet, nicolae_shop_trees, shop_fountains
Vaults:1: v_misc_14, hangedman_vaults_stream, v_pattern_2,
          nicolae_vaults_ring_of_whatevers, ontoclasm_vaults_bender,
          vaults_dpeg_diagonal, hangedman_vaults_impose, vaults_mumra_hex,
          layout_vaults_chaotic_city, serial_shops, shop_statue
Vaults:2: nicolae_vaults_rhombus_5, minmay_crypt_entry_simple_statues,
          vaults_room_corners, st_smaller_cells, hangedman_vaults_pinch,
          v_misc_1, nicolae_vaults_specimen_jars, layout_vaults_omnigrid
Vaults:3: v_misc_12, v_rooms_3, ontoclasm_vaults_chip, vaults_mumra_minichess,
          hangedman_vaults_cutoff, vaults_mumra_chevron, vaults_room_octagon,
          ontoclasm_vaults_pinch, nicolae_vaults_disjoint_gnomons,
          nicolae_vaults_circle_grid_a, ontoclasm_vaults_twist,
          ontoclasm_vaults_ring_small, layout_vaults_omnibox, serial_shops,
          shop, uniq_mara, uniq_nikola
Vaults:4: nicolae_vaults_halls_meeting, hangedman_vaults_unwind, v_misc_17,
          vaults_room_pools, vaults_room_pools, nicolae_vaults_border_crossing,
          nicolae_vaults_little_squares_2, v_misc_31, hangedman_vaults_nails,
          vaults_room_pool, v_misc_27, vaults_standard_mumra_enter_the_diamond,
          nicolae_vaults_diagonal_hallway_9, nicolae_vaults_ring_of_whatevers,
          nicolae_vaults_rhombus_5, ontoclasm_vaults_fault,
          layout_vaults_maze_bifur
Vaults:5: serial_shops
Crypt:1:  layout_gridlike, infiniplex_enter_wizlab_water, minivault_26
Crypt:2:  layout_chaotic_city, beargit_elvish_explorers, grunt_megastairs_1,
          uniq_saint_roka
Crypt:3:  due_elkab, layout_chaotic_city
Depths:1: layout_twisted_cross, enter_ziggurat_d, serial_rivers,
          chequers_serial_rivers_large_b, chequers_serial_rivers_room_b,
          chequers_serial_rivers_micro_c, chequers_serial_rivers_small_3,
          chequers_serial_rivers_micro_a, serial_shops, nicolae_shop_waterfront,
          gammafunk_ghost_berserking_beasts, hell_entry, sword_in_stone,
          minmay_shop_grove, firewood_loft
Depths:2: minmay_bad_star, layout_gridlike, pan_entry, pf_coc_iceberg,
          hex_medium, minmay_staircase_bubble
Depths:3: minmay_slanted_spiral_squares, layout_cross, serial_shops,
          nicolae_stop_n_shop_2, nicolae_abyss_entry_one_way_or_another,
          grunt_metal_band
Depths:4: grunt_zot_entry_pinwheel, layout_cave_pools, hell_entry,
          hangedman_abyss_or_decor_stabs, hex_large, minmay_misc_feat_diagonals,
          serial_bayou_shore_b, serial_bayou_shore_b
Zot:1:    layout_misc_corridors, grunt_megastairs_3
Zot:2:    kennysheep_room_grid, layout_gridlike, gammafunk_ghost_abyssal_escape,
          hangedman_zot_decor_checkerboard, hangedman_hellfire_club
Zot:3:    layout_misc_corridors, hangedman_zot_wheel_spokes, grunt_ministairs_5
Zot:4:    layout_misc_corridors
Zot:5:    layout_basic, st_stairs_11, grunt_ministairs_12,
          nicolae_shop_clearance

Skill      XL: |  1  2  3  4  5  6  7  8  9 10 11 12 13 14 15 16 17 18 19 20 21 22 23 24 25 26 27 |
---------------+----------------------------------------------------------------------------------+-----
Poison Magic   | 1 2 3 4 |  4.0
Stealth        | 1 2 6 |  6.0
Transmutations | 3 4 5 7 8 9 10 12 15 16 | 16.0
Fighting       | 2 3 8 10 11 12 13 14 15 16 18 19 21 22 23 | 23.8
Dodging        | 3 4 7 8 10 11 12 13 14 15 16 18 19 20 21 22 | 22.4
Unarmed Combat | 5 7 8 9 10 11 12 13 14 15 16 18 19 20 21 22 | 22.5
Ice Magic      | 4 5 6 |  6.0
Evocations     | 8 10 12 13 14 15 17 | 17.0
Earth Magic    | 5 12 | 12.0
Shields        | 2 7 11 12 13 16 18 | 18.1
Spellcasting   | 4 |  4.0

Action                   |  1- 3 |  4- 6 |  7- 9 | 10-12 | 13-15 | 16-18 | 19-21 | 22-24 | 25-27 || total
-------------------------+-------+-------+-------+-------+-------+-------+-------+-------+-------++-------
Melee: Unarmed           |    23 |    40 |   132 |   536 |   844 |   883 |   845 |  1129 |   888 ||  5320
       Constrict         |    17 |    18 |     4 |       |       |       |    50 |   163 |   116 ||   368
       Tentacles         |    10 |    15 |     3 |       |       |       |    79 |   391 |   350 ||   848
       Whip              |    33 |    70 |    17 |       |       |       |       |       |       ||   120
       Kick              |    14 |    27 |     6 |       |       |       |       |       |       ||    47
       Punch             |     4 |     3 |       |       |    28 |    94 |   123 |   248 |   220 ||   720
       Tailslap          |       |       |       |       |    62 |   165 |   133 |    12 |       ||   372
       Bite              |       |       |       |       |    38 |   118 |    99 |    10 |       ||   265
       Lajatang          |       |       |       |       |       |       |       |     6 |       ||     6
Throw: Stone             |    13 |       |     1 |       |       |       |       |       |       ||    14
 Cast: Beastly Appendage |    29 |    26 |     4 |       |       |       |       |       |       ||    59
       Spider Form       |       |     8 |    14 |     2 |     1 |       |       |       |       ||    25
       Ice Form          |       |       |    11 |    70 |    63 |       |       |       |       ||   144
       Dragon Form       |       |       |       |       |    56 |    99 |    69 |    17 |       ||   241
       Wereblood         |       |       |       |       |    13 |    26 |    15 |    11 |     8 ||    73
       Statue Form       |       |       |       |       |       |       |    36 |    93 |   100 ||   229
       Lee's Rapid Decon |       |       |       |       |       |       |       |       |     6 ||     6
       Yara's Violent Un |       |       |       |       |       |       |       |       |     3 ||     3
Invok: Call Merchant     |       |       |       |       |     2 |       |       |       |       ||     2
       Bribe Branch      |       |       |       |       |       |       |       |       |     6 ||     6
 Abil: End Transformatio |       |     1 |     2 |     4 |     2 |     1 |     3 |     1 |    10 ||    24
       Breathe Fire      |       |       |       |       |    12 |    31 |     9 |    11 |       ||    63
Evoke: Wand              |       |       |     8 |    23 |     2 |    26 |       |     5 |       ||    64
       Lightning rod     |       |       |       |       |     4 |     5 |       |     7 |       ||    16
       Condenser vane    |       |       |       |       |     2 |     2 |       |     5 |     5 ||    14
       Box of beasts     |       |       |       |       |       |       |       |     2 |       ||     2
       Tin of tremorston |       |       |       |       |       |       |       |     3 |     2 ||     5
       Phantom mirror    |       |       |       |       |       |       |       |       |     1 ||     1
  Use: Scroll            |       |     7 |    11 |    12 |     6 |     2 |     7 |     7 |    26 ||    78
       Potion            |       |       |     3 |     8 |       |     3 |     5 |     5 |    16 ||    40
 Stab: Sleeping          |     2 |     7 |     3 |     5 |     9 |    12 |    20 |    15 |    12 ||    85
       Paralysed         |       |     1 |       |       |       |       |       |       |       ||     1
       Distracted        |       |       |       |     5 |     6 |    15 |     6 |    14 |    18 ||    64
       Confused          |       |       |       |       |     7 |       |       |       |       ||     7
       Invisible         |       |       |       |       |       |       |       |     7 |       ||     7
Armor: Skin              |     5 |     5 |    30 |   116 |   181 |   267 |   208 |   441 |   270 ||  1523
Dodge: Dodged            |    23 |    68 |   106 |   291 |   530 |   861 |   771 |  1222 |   875 ||  4747
Block: Other             |       |       |    12 |       |       |       |       |       |       ||    12
       Buckler           |       |       |       |       |       |       |     1 |    62 |       ||    63
       Kite shield       |       |       |       |       |       |       |       |   799 |   223 ||  1022
       Tower shield      |       |       |       |       |       |       |       |       |   683 ||   683
